 Dungeon Crawl Stone Soup version 0.32-a0-868-g153ae1a8d6 (webtiles) character file.

Game seed: 11708444061043703691

156 Fodor the Trooper (level 5, -8/45 (47) HPs)
             Began as a Minotaur Fighter on Mar 28, 2024.
             Mangled by Crazy Yiuf
             ... wielding a +4 quarterstaff of chaos
              (14 damage)
             ... on level 3 of the Dungeon.
             The game lasted 00:05:29 (1622 turns).

Fodor the Trooper (Minotaur Fighter)                Turns: 1622, Time: 00:05:29

HP:   -8/45 (47)    AC: 12    Str: 22    XL:     5   Next: 14%
MP:   4/4           EV:  5    Int:  5    God:
Gold: 110           SH:  4    Dex: 10    Spells: 4/4 levels left

rFire   . . .        a - +0 war axe
rCold   . . .        c - +0 buckler
rNeg    . . .        g - +0 plate armour
rPois   .            (helmet restricted)
rElec   .            (no cloak)
rCorr   .            (no gloves)
SInv    .            (no boots)
Will    .....        w - amulet of regeneration Stlth
                     (no ring)
HPRegen 1.07/turn    (no ring)
MPRegen 0.09/turn

%: no passive effects
@: lightly drained
A: horns 2, retaliatory headbutt
a: no special abilities


You were on level 3 of the Dungeon.
You visited 1 branch of the dungeon, and saw 3 of its levels.

You collected 110 gold pieces.

Inventory:

Hand Weapons
 a - a +0 war axe (weapon)
Missiles
 r - 2 silver javelins (quivered)
Armour
 c - a +0 buckler (worn)
 g - a +0 plate armour (worn)
Jewellery
 f - an amulet of guardian spirit
 w - an amulet of regeneration (around neck)
Talismans
 o - a beast talisman
Wands
 t - a wand of polymorph (6)
 v - a wand of flame (19)
Scrolls
 b - a scroll of silence {unknown}
 h - 3 scrolls of identify {unknown}
 k - 2 scrolls of enchant weapon {unknown}
 n - a scroll of blinking {unknown}
 p - a scroll of teleportation {unknown}
 s - a scroll of fog {unknown}
 u - a scroll of noise {unknown}
Potions
 d - 4 potions of might
 e - a potion of resistance {unknown}
 i - 2 potions of degeneration {unknown}
 j - a potion of attraction {unknown}
 l - 3 potions of curing {unknown}
 m - 2 potions of heal wounds {unknown}
 q - a potion of lignification {unknown}


   Skills:
 + Level 4.9 Fighting
 + Level 3.9 Axes
 + Level 4.8 Armour
 + Level 4.3 Shields


You had 4 spell levels left.
You didn't know any spells.
Your spell library was empty.

Dungeon Overview and Level Annotations

Branches:
Dungeon (3/15)

Altars:

Shops:
D:2 =

Annotations:
D:3 2 transporters, Crazy Yiuf; justen's ghost, amateur OpBr


Innate Abilities, Weirdness & Mutations

You have a pair of horns on your head.
You reflexively headbutt those who attack you in melee.


Message History

You now have 110 gold pieces (gained 5).
l - 3 fizzy purple potions (gained 1)
A rat comes into view.
The rat squeaks loudly.
The rat bites you but does no damage.
You barely miss the rat. The rat bites you but does no damage.
You slash the rat!
You kill the rat!
Found a stone staircase leading up.
Found a stone staircase leading down.
There is a stone staircase leading down here.
The shadow imp shouts!
The shadow imp disappears for a moment.
Found a runed translucent door.
Crazy Yiuf shouts!
You open the door. You slash Crazy Yiuf!
Crazy Yiuf is heavily wounded.
Crazy Yiuf hits you with a +4 quarterstaff of chaos!
Crazy Yiuf burns you.
You barely miss Crazy Yiuf.
You headbutt Crazy Yiuf, but do no damage.
Crazy Yiuf is heavily wounded.
Crazy Yiuf hits you with a +4 quarterstaff of chaos.
You fall asleep.
Crazy Yiuf hits you with a +4 quarterstaff of chaos!
You wake up.
Crazy Yiuf freezes you.
* * * LOW HITPOINT WARNING * * *
You slash Crazy Yiuf!
Crazy Yiuf is almost dead.
Crazy Yiuf yells, "Whiteboard sallow wrapper!"
Crazy Yiuf hits you with a +4 quarterstaff of chaos!
* * * LOW HITPOINT WARNING * * *
You feel drained.
* * * LOW HITPOINT WARNING * * *
Crazy Yiuf laughs, "Leather sow arm!"
Crazy Yiuf hits you with a +4 quarterstaff of chaos.
* * * LOW HITPOINT WARNING * * *
You are electrocuted!
You die...

#....###.........©.
#....# ####........
♣.P.P♣ ###.###.#
♣♣.P.♣ #.....#
♣♣.♣♣ ###.### ♣♣.♣
#.# ♣.♣♣ #.# ♣♣.♣
########.### ♣@♣♣
#........... #g#
#........##. ...
#.##..#####. #...#
#.##..##.... #)..#
####<>##.##. #####
#.....##.##.
#####.......
######.# #.#


You could see Crazy Yiuf.

Vanquished Creatures
  Ijyb (D:3)
  Terence (D:2)
  An iguana (D:3)
  3 adders (D:3)
  A dart slug (D:3)
  2 ribbon worms
  6 orcs (D:3)
  2 endoplasms
  2 giant cockroaches
  5 goblins
  A hobgoblin (D:1)
  6 kobolds
  A quokka (D:3)
  3 ball pythons
  5 bats
  2 frilled lizards
  3 rats
45 creatures vanquished.

Notes
Turn   | Place    | Note
-------+----------+-------------------------------------------
     0 | D:1      | Fodor the Minotaur Fighter began the quest for the Orb.
     0 | D:1      | Reached XP level 1. HP: 19/19 MP: 0/0
   181 | D:1      | Reached XP level 2. HP: 27/27 MP: 1/1
   341 | D:1      | You fall into a shaft and drop 1 floor!
   601 | D:2      | Found Ofeorir's Jewellery Emporium.
   694 | D:2      | Noticed Terence
   699 | D:2      | Killed Terence
   700 | D:2      | Reached XP level 3. HP: 31/33 MP: 2/2
   909 | D:3      | Reached XP level 4. HP: 33/40 MP: 1/3
  1030 | D:3      | Found a transporter.
  1040 | D:3      | Noticed justen's ghost (amateur OpBr)
  1041 | D:3      | Found a transporter.
  1284 | D:3      | Noticed Ijyb
  1291 | D:3      | Killed Ijyb
  1373 | D:3      | Reached XP level 5. HP: 36/47 MP: 2/4
  1614 | D:3      | Found a runed translucent door.
  1614 | D:3      | Found the +10 morningstar "Eos" {elec, Halo rElec}
  1615 | D:3      | Noticed Crazy Yiuf
  1622 | D:3      | Mangled by Crazy Yiuf

Illustrated notes

Levels and vault maps discovered:
D:1:      roderic_dead_forest, layout_rooms
D:2:      minmay_kobold_bridge, layout_rooms, serial_shops, shop, uniq_terence
D:3:      minmay_spotlight, layout_loops_cross, gammafunk_ghost_arena,
          uniq_crazy_yiuf_cottage, uniq_ijyb

Skill      XL: |  1  2  3  4 |
---------------+-------------+-----
Armour         | 4 |  4.8
Axes           | 3 |  3.9
Fighting       | 4 |  4.9
Shields        | 4 |  4.3

Action                     |  1- 3 |  4- 6 || total
---------------------------+-------+-------++-------
  Melee: War axe           |    41 |    56 ||    97
         Headbutt          |     3 |    11 ||    14
  Throw: Javelin           |     1 |       ||     1
 Armour: Scale mail        |    26 |       ||    26
         Plate armour      |    26 |    55 ||    81
  Dodge: Dodged            |    32 |    15 ||    47
  Block: Buckler           |     9 |     8 ||    17

Table legend: (Time is in decaauts)
 A = Elapsed time spent in this place.
 B = Non-inter-level travel time spent in this place.
 C = Inter-level travel time spent in this place.
 D = Time resting spent in this place.
 E = Time spent auto-exploring this place.
 F = Levels seen in this place.
 G = Mean time per level.
                   A        B        C        D        E       F      G
               +--------+--------+--------+--------+--------+-----+--------+
         Total |   1657 |   1638 |     19 |      0 |   1077 |   3 |  552.3 |
       Dungeon |   1657 |   1638 |     19 |      0 |   1077 |   3 |  552.3 |
               +--------+--------+--------+--------+--------+-----+--------+

Top non-repeatable levels by time:
     D:3: 771 daAuts
     D:1: 509 daAuts
     D:2: 376 daAuts
